TOP OF THE 1ST |
UCLA Bruins batting - Pitching for Fresno State University Bulldogs : LHP Cory Youngquist
|
Pitching: LHP Cory Youngquist
|
|
Batting: SHB Jay Gagnon
|
0-0: Called Strike 0-1: Ball 1-1: Foul Ball, location: 2F 1-2: Fly out, F9 (Flyball, 9S, EV 80.0 MPH)
|
Batting: RHB Robby Hickman
|
0-0: Foul Ball, location: 2F 0-1: Swinging Strike 0-2: Ball 1-2: Strikes out looking
|
Batting: RHB German Quiroga
|
0-0: Ball 1-0: Ball 2-0: Foul Ball, location: 2F 2-1: Foul Ball, location: 2F 2-2: Ball 3-2: Strikes out swinging
|
Top of the 1st over - 0 runs, 0 hits, 0 errors, 0 left on base; UCLA 0 - Fresno State University 0 |
BOTTOM OF THE 1ST |
Fresno State University Bulldogs batting - Pitching for UCLA Bruins : RHP Xavier Mosley
|
Pitching: RHP Xavier Mosley
|
|
Batting: RHB Janne Vihko
|
0-0: Swinging Strike 0-1: Ball 1-1: Ball 2-1: Bunted foul 2-2: Ground out 6-3 (Groundball, 6, EV 92.5 MPH)
|
Batting: RHB Wali Mulogo
|
0-0: Called Strike 0-1: Called Strike 0-2: Ball 1-2: Ball 2-2: Ball 3-2: Strikes out swinging
|
Batting: RHB Todd Vanasco
|
0-0: Called Strike 0-1: Ball 1-1: SINGLE (Line Drive, 78S, EV 93.1 MPH)
|
Batting: RHB Miguel Velasco
|
0-0: Ball 1-0: Foul Ball, location: 2F 1-1: Ball 2-1: Ball Todd Vanasco steals 2nd base 3-1: Foul Ball, location: 2F 3-2: DOUBLE (Line Drive, 89M, EV 105.6 MPH) Todd Vanasco scores
|
Batting: RHB Ryan Miller
|
0-0: Ball 1-0: Ground out 4-3 (Groundball, 4, EV 88.8 MPH)
|
Bottom of the 1st over - 1 run, 2 hits, 0 errors, 1 left on base; UCLA 0 - Fresno State University 1 |
TOP OF THE 2ND |
UCLA Bruins batting - Pitching for Fresno State University Bulldogs : LHP Cory Youngquist
|
Batting: RHB Leo Gonzalez
|
0-0: Ball 1-0: Ball 2-0: Called Strike 2-1: Called Strike 2-2: Strikes out looking
|
Batting: RHB Alex Collazo
|
0-0: Swinging Strike 0-1: Ball 1-1: Swinging Strike 1-2: Ball 2-2: Foul Ball, location: 2F 2-2: Ball 3-2: Strikes out swinging
|
Batting: LHB Chris Jackson
|
0-0: Swinging Strike 0-1: Ground out 5-3 (Groundball, 56S, EV 91.9 MPH)
|
Top of the 2nd over - 0 runs, 0 hits, 0 errors, 0 left on base; UCLA 0 - Fresno State University 1 |
BOTTOM OF THE 2ND |
Fresno State University Bulldogs batting - Pitching for UCLA Bruins : RHP Xavier Mosley
|
Batting: LHB Vinny Rivera
|
0-0: Bunt for hit to 25 - play at first, batter OUT! 5-3
|
Batting: SHB Javy Franco
|
0-0: Ball 1-0: Ball 2-0: Ball 3-0: Called Strike 3-1: Ground out 5-3 (Groundball, 56S, EV 81.9 MPH)
|
Batting: SHB Andres Agudo
|
0-0: Ball 1-0: Ball 2-0: Ball 3-0: Base on Balls
|
Batting: SHB Jack Tierney
|
0-0: Ball 1-0: Fielders Choice at 2nd, 5-4 (Groundball, 56, EV 84.4 MPH)
|
Bottom of the 2nd over - 0 runs, 0 hits, 0 errors, 1 left on base; UCLA 0 - Fresno State University 1 |
TOP OF THE 3RD |
UCLA Bruins batting - Pitching for Fresno State University Bulldogs : LHP Cory Youngquist
|
Batting: RHB Eddie Serna
|
0-0: Swinging Strike 0-1: Swinging Strike 0-2: Ball 1-2: Strikes out swinging, 2-3 out at first.
|
Batting: RHB Lorenzo Diaz
|
0-0: Ball 1-0: Foul Ball, location: 2F 1-1: Called Strike 1-2: Foul Ball, location: 2F 1-2: Strikes out swinging
|
Batting: RHB Ernst Meloche
|
0-0: Ball 1-0: Called Strike 1-1: Swinging Strike 1-2: Strikes out swinging
|
Top of the 3rd over - 0 runs, 0 hits, 0 errors, 0 left on base; UCLA 0 - Fresno State University 1 |
BOTTOM OF THE 3RD |
Fresno State University Bulldogs batting - Pitching for UCLA Bruins : RHP Xavier Mosley
|
Batting: RHB Janne Vihko
|
0-0: Ground out 4-3 (Groundball, 4, EV 89.4 MPH)
|
Batting: RHB Wali Mulogo
|
0-0: Swinging Strike 0-1: Ball 1-1: Ball 2-1: Ball 3-1: Swinging Strike 3-2: Base on Balls
|
Batting: RHB Todd Vanasco
|
0-0: Called Strike 0-1: Fielders Choice at 2nd, 4-6 (Groundball, 4, EV 78.8 MPH)
|
Now at 1B: Don Burt
|
|
Now at 2B: Leo Gonzalez
|
|
Now at SS: Robby Hickman
|
|
Batting: RHB Miguel Velasco
|
0-0: Ball 1-0: Swinging Strike 1-1: Ground out 3-1 (Groundball, 34S, EV 90.0 MPH)
|
Bottom of the 3rd over - 0 runs, 0 hits, 0 errors, 1 left on base; UCLA 0 - Fresno State University 1 |
TOP OF THE 4TH |
UCLA Bruins batting - Pitching for Fresno State University Bulldogs : LHP Cory Youngquist
|
Batting: SHB Jay Gagnon
|
0-0: Ball 1-0: Fly out, F6 (Popup, 6D, EV 51.3 MPH)
|
Batting: RHB Robby Hickman
|
0-0: Foul Ball, location: 2F 0-1: Called Strike 0-2: Strikes out swinging
|
Batting: RHB German Quiroga
|
0-0: Ball 1-0: Called Strike 1-1: Swinging Strike 1-2: Strikes out looking
|
Top of the 4th over - 0 runs, 0 hits, 0 errors, 0 left on base; UCLA 0 - Fresno State University 1 |
BOTTOM OF THE 4TH |
Fresno State University Bulldogs batting - Pitching for UCLA Bruins : RHP Xavier Mosley
|
Batting: RHB Ryan Miller
|
0-0: Ball 1-0: Foul Ball, location: 2F 1-1: Ball 2-1: Called Strike 2-2: Ball 3-2: Foul Ball, location: 2F 3-2: Ground out 5-3 (Groundball, 56S, EV 90.0 MPH)
|
Batting: LHB Vinny Rivera
|
0-0: Ball 1-0: Fly out, F7 (Flyball, 7LM, EV 91.3 MPH)
|
Batting: SHB Javy Franco
|
0-0: Ball 1-0: Ground out 4-3 (Groundball, 4, EV 85.0 MPH)
|
Bottom of the 4th over - 0 runs, 0 hits, 0 errors, 0 left on base; UCLA 0 - Fresno State University 1 |
TOP OF THE 5TH |
UCLA Bruins batting - Pitching for Fresno State University Bulldogs : LHP Cory Youngquist
|
Pitching: RHP Jon Martinez
|
|
Batting: RHB Leo Gonzalez
|
0-0: Ball 1-0: Ball 2-0: Ball 3-0: Called Strike 3-1: Foul Ball, location: 2F 3-2: Ground out 4-3 (Groundball, 4, EV 110.6 MPH)
|
Batting: RHB Alex Collazo
|
0-0: Called Strike 0-1: Fly out, F4 (Popup, 4, EV 59.4 MPH)
|
Batting: LHB Chris Jackson
|
0-0: Ball 1-0: Ball 2-0: Called Strike 2-1: Ball 3-1: SINGLE (Flyball, 7LS, EV 98.1 MPH) - OUT at second base trying to stretch hit.
|
Top of the 5th over - 0 runs, 1 hit, 0 errors, 0 left on base; UCLA 0 - Fresno State University 1 |
BOTTOM OF THE 5TH |
Fresno State University Bulldogs batting - Pitching for UCLA Bruins : RHP Xavier Mosley
|
Pitching: RHP Manny Tienda
|
|
Batting: SHB Andres Agudo
|
0-0: Ball 1-0: Ball 2-0: Fly out, F4 (Line Drive, 4, EV 67.5 MPH)
|
Batting: SHB Jack Tierney
|
0-0: Ball 1-0: SINGLE (Line Drive, 7S, EV 102.5 MPH)
|
Batting: RHB Janne Vihko
|
0-0: Fly out, F3 (Flyball, 3D, EV 90.6 MPH)
|
Batting: RHB Wali Mulogo
|
0-0: Ball 1-0: SINGLE (Groundball, 15S, EV 61.3 MPH) (infield hit) Jack Tierney to second
|
Batting: RHB Todd Vanasco
|
0-0: Ball 1-0: Foul Ball, location: 2F 1-1: Ball 2-1: Foul Ball, location: 2F 2-2: Fly out, F9 (Flyball, 9D, EV 92.5 MPH)
|
Bottom of the 5th over - 0 runs, 2 hits, 0 errors, 2 left on base; UCLA 0 - Fresno State University 1 |
TOP OF THE 6TH |
UCLA Bruins batting - Pitching for Fresno State University Bulldogs : RHP Jon Martinez
|
Pinch Hitting: LHB Luis Diaz
|
0-0: Fly out, F7 (Flyball, 78S, EV 89.4 MPH)
|
Batting: RHB Don Burt
|
0-0: Called Strike 0-1: Fly out, F7 (Flyball, 7LS, EV 78.8 MPH)
|
Batting: RHB Ernst Meloche
|
0-0: Foul Ball, location: 2F 0-1: Reached on error, E6 (Groundball, 6, EV 80.0 MPH)
|
Batting: SHB Jay Gagnon
|
0-0: Ball 1-0: Ball 2-0: Swinging Strike 2-1: Swinging Strike 2-2: Strikes out swinging
|
Top of the 6th over - 0 runs, 0 hits, 1 error, 1 left on base; UCLA 0 - Fresno State University 1 |
BOTTOM OF THE 6TH |
Fresno State University Bulldogs batting - Pitching for UCLA Bruins : RHP Manny Tienda
|
Now at 3B: Rusty Trader
|
|
Batting: RHB Miguel Velasco
|
0-0: Ball 1-0: SINGLE (Line Drive, 9LS, EV 105.6 MPH)
|
Batting: RHB Ryan Miller
|
0-0: Ball 1-0: SINGLE (Line Drive, 4MD, EV 108.1 MPH) Miguel Velasco to second
|
Batting: LHB Vinny Rivera
|
0-0: Fly out, F9 (Line Drive, 9, EV 94.4 MPH)
|
Batting: SHB Javy Franco
|
0-0: DOUBLE (Line Drive, 8RXD, EV 109.4 MPH) Miguel Velasco scores Ryan Miller to third
|
Batting: SHB Andres Agudo
|
0-0: Ball 1-0: Called Strike 1-1: Swinging Strike 1-2: Fly out, F5 (Popup, 5SF, EV 70.6 MPH)
|
Batting: SHB Jack Tierney
|
0-0: Foul Ball, location: 2F 0-1: Swinging Strike 0-2: Ball 1-2: Foul Ball, location: 2F 1-2: Ball 2-2: Strikes out looking
|
Bottom of the 6th over - 1 run, 3 hits, 0 errors, 2 left on base; UCLA 0 - Fresno State University 2 |
TOP OF THE 7TH |
UCLA Bruins batting - Pitching for Fresno State University Bulldogs : RHP Jon Martinez
|
Pitching: LHP Dave Waiters
|
|
Batting: RHB Robby Hickman
|
0-0: Called Strike 0-1: Foul Ball, location: 2F 0-2: Strikes out swinging
|
Batting: RHB German Quiroga
|
0-0: Ball 1-0: Ball 2-0: Ball 3-0: Called Strike 3-1: Called Strike 3-2: Foul Ball, location: 2F 3-2: Foul Ball, location: 2F 3-2: Foul Ball, location: 2F 3-2: Strikes out swinging
|
Batting: RHB Leo Gonzalez
|
0-0: Foul Ball, location: 2F 0-1: Ball 1-1: Called Strike 1-2: Ball 2-2: Strikes out swinging
|
Top of the 7th over - 0 runs, 0 hits, 0 errors, 0 left on base; UCLA 0 - Fresno State University 2 |
BOTTOM OF THE 7TH |
Fresno State University Bulldogs batting - Pitching for UCLA Bruins : RHP Manny Tienda
|
Pinch Hitting: RHB Andrew Pride
|
0-0: Ground out 3-1 (Groundball, 34, EV 101.9 MPH)
|
Batting: RHB Tommy Tracy
|
0-0: Ball 1-0: Ground out U3 (Groundball, 13, EV 77.5 MPH)
|
Batting: RHB Todd Vanasco
|
0-0: Ball 1-0: Ball 2-0: Ball 3-0: Called Strike 3-1: Called Strike 3-2: Foul Ball, location: 2F 3-2: Foul Ball, location: 2F 3-2: SOLO HOME RUN (Flyball, 7D, EV 100.0 MPH), Distance : 407 ft
|
Batting: RHB Miguel Velasco
|
0-0: Ball 1-0: Ground out 3-1 (Groundball, 34S, EV 78.1 MPH)
|
Bottom of the 7th over - 1 run, 1 hit, 0 errors, 0 left on base; UCLA 0 - Fresno State University 3 |
TOP OF THE 8TH |
UCLA Bruins batting - Pitching for Fresno State University Bulldogs : LHP Dave Waiters
|
Pitching: RHP Victor Altagracia
|
|
Now in LF: Andrew Pride
|
|
Now in CF: Vinny Rivera
|
|
Batting: RHB Alex Collazo
|
0-0: Ball 1-0: Ball 2-0: Ball 3-0: Called Strike 3-1: Called Strike 3-2: Foul Ball, location: 2F 3-2: Foul Ball, location: 2F 3-2: SOLO HOME RUN (Flyball, 7D, EV 104.4 MPH), Distance : 411 ft
|
Batting: LHB Chris Jackson
|
0-0: Ball 1-0: Called Strike 1-1: Reached on error, E4 (Groundball, 4, EV 85.6 MPH)
|
Pinch Hitting: LHB Tony Leyba
|
0-0: Called Strike 0-1: Foul Ball, location: 2F 0-2: Strikes out swinging
|
Pinch Hitting: RHB Nate Dabney
|
0-0: Ball 1-0: SINGLE (Groundball, 6D, EV 105.0 MPH) Chris Jackson to second
|
Batting: RHB Ernst Meloche
|
0-0: Called Strike 0-1: Ball 1-1: Fly out, F7 (Line Drive, 7, EV 88.1 MPH)
|
Pinch Hitting: RHB Bill Reader
|
0-0: Foul Ball, location: 2F 0-1: Foul Ball, location: 2F 0-2: Strikes out swinging
|
Top of the 8th over - 1 run, 2 hits, 1 error, 2 left on base; UCLA 1 - Fresno State University 3 |
BOTTOM OF THE 8TH |
Fresno State University Bulldogs batting - Pitching for UCLA Bruins : RHP Manny Tienda
|
Pitching: RHP Daniel Boulter
|
|
Now at 1B: Tony Leyba
|
|
Now at 3B: Bill Reader
|
|
Now in LF: Nate Dabney
|
|
Now in CF: Chris Jackson
|
|
Pinch Hitting: RHB Tony Aguiar
|
0-0: Called Strike 0-1: Ground out 4-3 (Groundball, 4S, EV 81.3 MPH)
|
Pinch Hitting: RHB Cale Fallon
|
0-0: Foul Ball, location: 2F 0-1: Swinging Strike 0-2: Ball 1-2: Fly out, F9 (Line Drive, 9, EV 99.4 MPH)
|
Pinch Hitting: RHB Phil Hamby
|
0-0: Ball 1-0: Fly out, F9 (Flyball, 9, EV 90.6 MPH)
|
Bottom of the 8th over - 0 runs, 0 hits, 0 errors, 0 left on base; UCLA 1 - Fresno State University 3 |
TOP OF THE 9TH |
UCLA Bruins batting - Pitching for Fresno State University Bulldogs : RHP Victor Altagracia
|
Pitching: RHP Moises Baez
|
|
Now at 2B: Phil Hamby
|
|
Now at SS: Harvey Neale
|
|
Now in LF: Jack Tierney
|
|
Now in CF: Cale Fallon
|
|
Now in RF: Tony Aguiar
|
|
Batting: RHB Robby Hickman
|
0-0: Called Strike 0-1: Foul Ball, location: 2F 0-2: Ball 1-2: Strikes out swinging
|
Batting: RHB Steve Errico
|
0-0: Swinging Strike 0-1: Swinging Strike 0-2: Strikes out swinging
|
Pinch Hitting: LHB Darren Sturgis
|
0-0: Ball 1-0: Ball 2-0: Ground out 6-3 (Groundball, 6, EV 101.3 MPH)
|
Top of the 9th over - 0 runs, 0 hits, 0 errors, 0 left on base; UCLA 1 - Fresno State University 3 |
|